Map: New Repugnancy LE

Players

Lambo - Winner!

  • Race: Zerg Zerg
  • League: Master
  • Spawn Location: 1:00

Rail

  • Race: Protoss Protoss
  • League: Grandmaster
  • Spawn Location: 7:00

Event: 2019 WCS Winter Europe

VOD

Have the link to the VOD?

Description

Time

  • Played on: March 24, 2019, 11:03 a.m.
  • Length: 9:44

All games in this series

Show
View Real Time Build Order
Export as new Build Order

Lambo Zerg - Winner!

Build Orders: Hatch First 

Get SALT Encoding   

  12  0:00  Drone  
  13  0:13  Overlord  
  13  0:17  Drone  
  14  0:31  Drone x2  
  16  0:48  Hatchery  
  15  0:52  Drone  
  15  0:55  Drone  
  17  0:58  Drone  
  18  1:09  Extractor  
  17  1:13  Spawning Pool  
  17  1:17  Drone  
  17  1:20  Drone  
  18  1:29  Drone  
  19  1:39  Drone  
  20  1:52  Overlord  
  20  2:00  Queen x2  
  20  2:01  Zergling x2, Drone  
  26  2:10  Metabolic Boost  
  26  2:11  Drone  
  26  2:14  Drone  
  28  2:22  Drone  
  29  2:28  Drone  
  30  2:35  Hatchery  
  29  2:38  Drone  
  29  2:41  Drone  
  29  2:43  Drone  
  32  2:45  Overlord  
  32  2:52  Queen  
  32  2:56  Drone  
  32  2:58  Drone  
  36  3:07  Drone x3  
  36  3:09  Drone x2  
  41  3:14  Overlord  
  41  3:15  Drone x2  
  43  3:20  Drone  
  44  3:28  Overlord  
  44  3:32  Queen  
  46  3:34  Drone x2  
  46  3:38  Roach Warren  
  46  3:39  Drone x2  
  46  3:40  Zergling x2  
  50  3:46  Overlord  
  50  3:47  Drone x2  
  52  3:52  Zergling x2  
  53  3:56  Drone  
  53  3:57  Lair  
  53  4:00  Overlord  
  53  4:01  Extractor, Drone  
  54  4:03  Extractor, Drone  
  54  4:10  Drone x2  
  54  4:13  Drone x2  
  54  4:14  Drone  
  59  4:19  Drone x2  
  59  4:20  Overlord  
  59  4:21  Drone x2  
  63  4:25  Drone  
  63  4:30  Evolution Chamber, Drone  
  63  4:31  Extractor, Drone  
  64  4:39  Overlord  
  64  4:47  Drone x3  
  64  4:48  Drone x6  
  64  4:49  Overlord  
  72  4:53  Extractor  
  72  4:58  Roach x3  
  72  4:59  Zerg Missile Weapons Level 1  
  77  5:00  Glial Reconstitution  
  77  5:02  Overlord  
  77  5:04  Drone  
  77  5:05  Baneling Nest  
  77  5:10  Drone x2  
  79  5:20  Hatchery  
  78  5:21  Drone x2  
  78  5:26  Overlord  
  78  5:27  Roach x5  
  90  5:34  Overlord, Overseer  
  90  5:37  Overlord  
  90  5:38  Roach x3  
  90  5:42  Overlord  
  96  5:45  Drone x3  
  99  5:58  Roach  
  99  5:59  Roach x4  
  99  6:02  Centrifical Hooks, Hatchery  
  108  6:08  Queen  
  108  6:09  Roach x3  
  116  6:11  Overlord  
  116  6:16  Overlord  
  116  6:19  Overlord  
  116  6:20  Overseer  
  116  6:21  Overlord  
  116  6:22  Roach x2  
  116  6:25  Overlord  
  120  6:30  Overlord  
  124  6:32  Roach  
  124  6:33  Roach x3  
  124  6:36  Queen  
  124  6:37  Overlord  
  130  6:43  Roach x2, Zergling x4  
  135  6:56  Zergling x24  
  135  6:58  Ravager x5  
  154  7:01  Zergling x4  
  154  7:03  Zerg Melee Weapons Level 1  
  154  7:06  Ravager x2  
  154  7:07  Zergling x8  
  160  7:13  Zergling x10  
  160  7:15  Ravager x2  
  167  7:23  Zergling x10  
  167  7:29  Baneling x19  
  171  7:30  Zergling x2  
  171  7:35  Zergling x10  
  171  7:36  Baneling x2  
  171  7:37  Baneling  
  177  7:38  Overseer  
  177  7:40  Zergling x4  
  177  7:42  Baneling  
  179  7:45  Extractor  
  179  7:46  Zergling x10  
  179  7:48  Baneling x4  
  179  7:50  Zergling x4  
  186  7:51  Zergling x2  
  184  8:00  Zergling x2  
  184  8:01  Zergling x16  
  175  8:06  Zergling x2  
  175  8:07  Zergling x8  
  175  8:10  Zergling x2  
  175  8:11  Zergling x6  
  165  8:14  Roach x2  
  165  8:18  Zergling x2  
  165  8:19  Zergling x6  
  156  8:24  Roach x4  
  145  8:27  Roach, Zergling x2  
  145  8:30  Zergling x4  
  145  8:32  Roach, Zergling x2  
  145  8:35  Zergling x6  
Show
View Real Time Build Order
Export as new Build Order

Rail Protoss 

Build Orders: 1 Gate Expand 

Get SALT Encoding   

  12  0:00  Probe  
  13  0:12  Probe  
  14  0:18  Pylon  
  14  0:24  Probe  
  15  0:32  Probe  
  15  0:38  Gateway  
  15  0:40  Probe  
  16  0:47  Assimilator  
  17  0:51  Probe  
  18  1:03  Probe  
  19  1:19  Nexus  
  19  1:29  Cybernetics Core  
  19  1:31  Probe  
  20  1:39  Assimilator  
  20  1:44  Probe  
  20  1:47  Pylon  
  21  1:56  Probe  
  22  2:05  Forge  
  22  2:06  Stalker  
  22  2:07  Probe  
  24  2:14  Warp Gate  
  24  2:15  Probe  
  26  2:23  Probe  
  26  2:28  Probe  
  27  2:31  Probe  
  27  2:36  Sentry, Probe  
  31  2:39  Protoss Ground Weapons Level 1  
  31  2:40  Probe  
  33  2:46  Probe  
  33  2:51  Probe  
  34  2:57  Gateway  
  34  2:58  Probe  
  36  3:03  Sentry, Probe  
  39  3:07  Probe  
  39  3:11  Pylon  
  40  3:15  Probe x2  
  42  3:22  Robotics Facility  
  42  3:25  Probe  
  42  3:27  Assimilator, Probe  
  44  3:34  Assimilator  
  44  3:37  Probe  
  44  3:39  Probe  
  44  3:40  Pylon  
  46  3:45  Probe  
  46  3:52  Pylon  
  46  3:53  Probe  
  48  3:57  Probe  
  49  4:03  Twilight Council  
  49  4:05  Probe  
  49  4:08  Probe  
  51  4:10  Protoss Ground Weapons Level 2  
  51  4:11  Gateway x2  
  51  4:13  Gateway  
  51  4:14  Gateway  
  51  4:16  Observer  
  52  4:20  Pylon  
  52  4:21  Probe  
  52  4:22  Probe  
  54  4:37  Immortal  
  58  4:40  Stalker  
  58  4:44  Pylon  
  60  4:56  Nexus  
  60  5:08  Zealot  
  60  5:09  Stalker x2, Pylon  
  60  5:10  Sentry  
  68  5:15  Blink  
  68  5:24  Immortal  
  72  5:30  Pylon  
  72  5:31  Probe x2  
  74  5:42  Protoss Ground Weapons Level 3  
  74  5:43  Probe x2  
  74  5:48  Gateway x2  
  76  5:51  Pylon  
  76  5:55  Probe  
  76  5:56  Probe  
  80  6:08  Probe x2  
  80  6:09  Probe, Pylon  
  83  6:12  Stalker x2  
  83  6:14  Stalker  
  83  6:15  Stalker  
  89  6:20  Probe x2  
  89  6:21  Probe  
  89  6:23  Warp Prism  
  94  6:32  Probe x2  
  96  6:33  Probe  
  96  6:34  Assimilator  
  96  6:35  Assimilator  
  97  6:44  Stalker x2  
  97  6:45  Stalker  
  103  6:48  Stalker x2  
  103  6:53  Pylon  
  107  6:57  Stalker  
  107  6:58  Stalker  
  111  7:03  Pylon  
  111  7:09  Stalker x2  
  111  7:10  Stalker x2  
  111  7:14  Pylon  
  119  7:18  Stalker x2  
  123  7:24  Stalker  
  123  7:25  Stalker  
  127  7:33  Pylon  
  127  7:34  Stalker x3  
  133  7:39  Stalker  
  133  7:43  Stalker x2  
  139  7:46  Pylon  
  139  7:51  Stalker x2  
  137  8:11  Stalker x4  
  137  8:12  Stalker  
  119  8:17  Stalker x2  
  109  8:26  Stalker  
Tags
 
Add a new tag
Caveats
  • Supply blocks, unpowered buildings, or Contaminate may cause inaccurate times.
  • Supply counts are checked every 10 seconds.